 Dungeon Crawl Stone Soup version 0.25-a0-424-g80bd347ae0 (console) character file.

Game seed: 307649653461561943, levelgen mode: deterministic

92107 Kagalorn the Slicer (level 16, -1/111 HPs)
             Began as a Human Air Elementalist on Jan 23, 2020.
             Was the Champion of Qazlal.
             Slain by a black mamba (2 damage)
             ... on level 1 of the Snake Pit.
             The game lasted 02:01:01 (39996 turns).

Kagalorn the Slicer (Human Air Elementalist)       Turns: 39996, Time: 02:01:01

Health: -1/111     AC: 15    Str: 10    XL:     16   Next: 52%
Magic:  4/32       EV: 11    Int: 29    God:    Qazlal [******]
Gold:   189        SH: 17    Dex: 16    Spells: 20/39 levels left

rFire    + . .     SeeInvis .   a - +3 rapier (drain)
rCold    . . .     Gourm    .   W - +0 shield of Lugonu's Outrage {rElec rPois Str-3}
rNeg     . . .     Faith    .   Y - +2 robe {MR+}
rPois    +         Spirit   .   k - +1 hat {Int+3}
rElec    +         Reflect  .   L - +0 cloak
rCorr    .         Harm     .   A - +2 pair of gloves {Str+3}
MR       +++..                  E - +2 pair of boots
Stlth    +.........             B - amulet of magic regeneration
HPRegen  0.28/turn              V - ring of Foreuvea {MR+ Int+4 Dex+3}
MPRegen  0.48/turn              T - ring of protection from fire

@: protected from physical damage, very slightly contaminated, repel missiles
A: no striking features
a: Upheaval, Elemental Force, Disaster Area, Renounce Religion


You were on level 1 of the Snake Pit.
You worshipped Qazlal.
Qazlal was exalted by your worship.
You were hungry.

You visited 5 branches of the dungeon, and saw 25 of its levels.
You visited 1 bazaar.

You collected 2969 gold pieces.
You spent 2780 gold pieces at shops.

Inventory:

Hand Weapons
 a - a +3 rapier of draining (weapon)
 c - the +3 rapier of Repuicur {drain, +Rage}
   (You took it off a crimson imp on level 8 of the Dungeon)

   A truly terrible weapon, it drains the life of those it strikes.
   It lets you go berserk.
 w - a +4 scimitar of flaming
Missiles
 g - 16 poisoned darts (quivered)
 K - 3 curare-tipped darts
 P - 5 javelins
Armour
 k - a +1 hat of intelligence (worn)
 A - a +2 pair of gloves of strength (worn)
 E - a +2 pair of boots (worn)
 L - a +0 cloak (worn)
 W - the +0 shield of Lugonu's Outrage (worn) {rElec rPois Str-3}
   (You bought it in a shop in a bazaar)

   It affects your strength (-3).
   It insulates you from electricity.
   It protects you from poison.
 Y - a +2 robe of magic resistance (worn)
Magical Staves
 b - an uncursed staff of air
Jewellery
 d - an uncursed ring of protection from fire
 e - an uncursed ring of flight
 m - an uncursed ring of protection from magic {unknown}
 B - an amulet of magic regeneration (around neck)
 M - an uncursed ring of protection from cold
 N - an uncursed ring of ice
 T - a ring of protection from fire (right hand)
 V - the ring of Foreuvea (left hand) {MR+ Int+4 Dex+3}
   (You bought it in a shop in a bazaar)

   [ring of protection from magic]

   It affects your intelligence (+4).
   It affects your dexterity (+3).
   It affects your resistance to hostile enchantments.
Wands
 r - a wand of flame (53)
 t - a wand of scattershot (11)
 F - a wand of digging (18)
 O - a wand of iceblast (17)
 R - a wand of polymorph (9)
 S - a wand of paralysis (21)
 Z - a wand of enslavement (7)
Scrolls
 h - 7 scrolls of teleportation
 o - 4 scrolls of enchant armour
 s - 8 scrolls of remove curse
 y - 2 scrolls of enchant weapon
 C - 2 scrolls of holy word
 D - 6 scrolls of amnesia
 I - 3 scrolls of magic mapping
 J - a scroll of silence
Potions
 i - a potion of lignification
 j - 5 potions of mutation
 l - 4 potions of flight
 n - 4 potions of brilliance
 p - 5 potions of agility
 q - 8 potions of haste
 u - 2 potions of resistance
 v - 3 potions of curing
 x - 2 potions of invisibility
 z - 2 potions of heal wounds
 H - 3 potions of berserk rage
 X - a potion of might
Miscellaneous
 U - a phantom mirror
Comestibles
 f - 29 rations


   Skills:
 - Level 6.0 Fighting
 - Level 14.0 Short Blades
 - Level 2.0 Dodging
 - Level 2.0 Stealth
 * Level 5.1 Shields
 - Level 12.0 Spellcasting
 - Level 1.0 Conjurations
 - Level 6.0 Summonings
 - Level 3.0 Translocations
 - Level 8.5 Transmutations
 - Level 10.0 Air Magic
 - Level 8.4 Earth Magic
 - Level 11.0 Invocations


You had 20 spell levels left.
You knew the following spells:

 Your Spells              Type           Power        Failure   Level  Hunger
a - Shock                 Conj/Air       ####         1%          1    None
b - Airstrike             Air            ######....   1%          4    None
c - Statue Form           Tmut/Erth      ######...    45%         6    #####..
d - Summon Lightning Spi  Summ/Air       ######..     4%          4    None
f - Swiftness             Chrm/Air       #####...     1%          2    None
g - Blink                 Tloc           N/A          4%          2    None

Your spell library contained the following spells:

 Spells                   Type           Power        Failure   Level  Hunger
 Sandblast                Erth           ######       1%          1    None
 Sting                    Tmut/Pois      ####         1%          1    None
 Summon Small Mammal      Summ           ####         1%          1    None
 Call Imp                 Summ           ######..     1%          2    None
 Poisonous Vapours        Pois/Air       #####.       1%          2    None
 Call Canine Familiar     Summ           ######..     2%          3    None
 Static Discharge         Conj/Air       #####...     3%          3    None
 Stone Arrow              Conj/Erth      #####.       4%          3    None
 Magic Dart               Conj           ###.         7%          1    None
 Mephitic Cloud           Conj/Pois/Air  #####...     7%          3    None
 Shroud of Golubria       Chrm/Tloc      ####..       9%          2    None
 Gell's Gravitas          Tloc           ####......   10%         3    None
 Ignite Poison            Fire/Tmut/Pois ####....     10%         3    None
 Lesser Beckoning         Tloc           ####......   10%         3    None
 Summon Guardian Golem    Hex/Summ       ####....     10%         3    None
 Teleport Other           Tloc           ####....     10%         3    None
 Searing Ray              Conj           ###...       11%         2    None
 Dazzling Flash           Conj/Hex       ###...       26%         3    None
 Passage of Golubria      Tloc           N/A          30%         4    None
 Summon Ice Beast         Ice/Summ       ####....     30%         4    None
 Lightning Bolt           Conj/Air       #####.....   30%         5    ##.....
 Ozocubu's Armour         Chrm/Ice       ###.....     32%         3    None
 Irradiate                Conj/Tmut      #####.....   38%         5    ##.....
 Iskenderun's Mystic Bla  Conj/Tloc      ####....     43%         4    None
 Bolt of Magma            Conj/Fire/Erth #####.....   63%         5    ##.....
 Fulminant Prism          Conj/Hex       ###.......   65%         4    None
 Olgreb's Toxic Radiance  Pois           ###.....     71%         4    None
 Iron Shot                Conj/Erth      #####.....   94%         6    #####..
 Shatter                  Erth           ######....   100%        9    #######


Dungeon Overview and Level Annotations

Branches:
Dungeon (15/15)            Temple (1/1) D:7            Lair (6/6) D:11
 Shoals (0/4) Lair:4        Snake (1/4) Lair:3        Slime (0/5) Lair:6
    Orc (2/2) D:9             Elf (0/3) Orc:2        Vaults (0/5) D:13
 Depths (0/5) D:15

Altars:
Ashenzari
Cheibriados
Dithmenos
Elyvilon
Fedhas
Gozag
Hepliaklqana
Kikubaaqudgha
Makhleb
Nemelex Xobeh
Okawaru
Qazlal
Ru
Sif Muna
Trog
Uskayaw
Vehumet
Wu Jian
Xom
Yredelemnul
Zin
The Shining One
Jiyva

Shops:
D:5 (   D:6 *   D:7 %   D:9 *   D:13 }   D:14 *   Orc:1 %   Orc:2 *[:(
Snake:1 ?

Annotations:
Snake:1 Louise


Message History

The salamander hits you but does no damage.
You hear a shout!
The black mamba is engulfed in blazing flames.
The mana viper is engulfed in blazing flames.
You block the black mamba's attack. You block the mana viper's attack.
You block Louise's attack.
Louise hits you with a +3 vorpal morningstar.
* * * LOW HITPOINT WARNING * * *
Your resistance to fire fades away.
You feel protected from physical attacks.
* * * LOW HITPOINT WARNING * * *
Louise hits you but does no damage.
A mana viper comes into view.
The black mamba bites you!!
* * * LOW HITPOINT WARNING * * *
You hear an angry hiss.
You hear an angry hiss.
The black mamba is engulfed in blazing flames.
The black mamba bites you.
You die...

**********,*,,,,,,,,,,,*
*****
**,,,,,,,..............#
,,,,,,,,,.......∩......#
,,,,,,,................#
,,,,,,,................#
,,,,,,,.....#..........#***
,*,,,,,,....##.......#..,,*
***
,,,,***,*#...☼...☼........#
##..
,,,,,,,,*#...§..@#**+**#N.#
#... ,,,,,,,,*#...§°@S# *,*
#..* #...
,,,,,,,,*#....S.°#**,**#..*
#...
,,,,***.##..°.NNN#,,,,,#.#*
#...
,,,,**#.....○....#,,,,,#.#
#...
,,,,*,...........##,,,##.#
#...
,,,**,........?...##∩##..#
#...
,,***,...#.........###..##
#...
,,***,..,#.........N....###
##..


You could see Louise, 3 salamanders, a mana viper and a black mamba.

Vanquished Creatures
  An orc warlord (Orc:2)
  Josephine (D:13)
  The ghost of Fov Ajof the Covert, a journeyman HuAr of Trog (Lair:2)
  2 ogre magi
  2 vault guards (D:13)
  7 hydras
  An anaconda (Snake:1)
  6 catoblepae
  Erica (D:10)
  4 two-headed ogres
  A tengu warrior (D:14)
  2 centaur warriors
  4 death yaks (Lair:6)
  Urug (Lair:6)
  4 orc high priests (Orc:2)
  4 skeletal warriors (D:12)
  4 unseen horrors
  2 wizards
  A necromancer (D:15)
  8 orc knights
  3 ugly things
  3 deep elf magi (D:15)
  4 orc sorcerers
  5 cyclopes
  A moth of wrath (D:5)
  6 black mambas
  6 centaur zombies
  3 manticores
  The ghost of PeterQ the Slasher, a novice VSMo (D:7)
  Maurice (D:9)
  10 spiny frogs
  4 gargoyles
  A komodo dragon (Lair:2)
  5 rime drakes
  2 yaktaurs (D:15)
  4 trolls
  2 queen bees
  A meliai (Lair:2)
  4 hornets
  31 blink frogs
  4 hippogriffs
  A centaur simulacrum (D:15)
  A vampire (D:11)
  A spriggan (D:7)
  7 wraiths
  2 wyverns
  3 water elementals (D:14)
  43 yaks
  A basilisk (Lair:3)
  A human (D:13)
  3 vampire mosquitoes (D:15)
  3 hungry ghosts
  Edmund (D:4)
  4 wargs
  5 nagas
  Menkaure (D:6)
  11 water moccasins
  32 orc warriors
  11 porcupines
  7 ice beasts
  3 eyes of draining
  A hornet zombie (D:11)
  3 sky beasts
  2 necrophages
  18 ogres
  A phantom (D:8)
  9 centaurs
  11 wolves
  7 crocodiles
  4 big kobolds
  19 bullfrogs
  A wyvern zombie (D:7)
  4 scorpions
  37 killer bees
  4 wights (D:8)
  7 howler monkeys
  6 crimson imps
  A quasit (D:7)
  6 bullfrog skeletons
  7 hounds
  An iron imp (D:7)
  3 jellies
  4 centaur skeletons
  19 orc priests
  18 orc wizards
  3 iguanas
  7 hell rats (Lair:2)
  11 worker ants
  A killer bee zombie (D:8)
  A hound zombie (D:6)
  A hound skeleton (D:4)
  A killer bee simulacrum (D:7)
  A worker ant zombie (D:6)
  16 adders
  4 shadow imps
  3 white imps (D:7)
  An ooze (D:4)
  An adder skeleton (D:5)
  4 worms
  2 adder simulacra (D:7)
  9 leopard geckos
  108 orcs
  2 ball pythons
  4 giant cockroaches
  2 goblins (D:3)
  4 hobgoblins
  21 jackals
  9 kobolds
  4 quokkas
  7 bats
  6 frilled lizards
  A giant cockroach zombie (D:6)
  7 rats
733 creatures vanquished.

Vanquished Creatures (collateral kills)
  Gastronok (Orc:1)
  A two-headed ogre (D:15)
  4 death yaks (Lair:6)
  2 yaktaurs (D:15)
  3 yaks
  An ogre (D:15)
  A killer bee (Lair:2)
  3 orcs (D:15)
16 creatures vanquished.

Vanquished Creatures (others)
  A rime drake (Lair:6)
  4 yaktaurs (D:15)
  A killer bee (Lair:2)
  10 fungi
  17 plants
33 creatures vanquished.

Grand Total: 782 creatures vanquished

Notes
Turn   | Place    | Note
-------+----------+-------------------------------------------
     0 | D:1      | Kagalorn the Human Air Elementalist began the quest for the
                  | Orb.
     0 | D:1      | Reached XP level 1. HP: 13/13 MP: 3/3
   348 | D:1      | Reached XP level 2. HP: 15/19 MP: 0/5
   831 | D:1      | Found a basalt altar of Yredelemnul.
   891 | D:1      | Reached XP level 3. HP: 22/24 MP: 1/6
  1336 | D:2      | Reached XP level 4. HP: 15/30 MP: 1/7
  2063 | D:3      | Reached skill level 5 in Air Magic
  2211 | D:3      | You fall into a shaft and drop 2 floors!
  2211 | D:5      | Entered Level 5 of the Dungeon
  2218 | D:5      | Found Joiryschy's Antique Weapon Boutique.
  3268 | D:3      | Reached XP level 5. HP: 5/35 MP: 0/8
  3730 | D:4      | Noticed an ogre
  3790 | D:4      | Noticed a phantom
  3796 | D:3      | Learned a level 2 spell: Swiftness
  3801 | D:3      | Learned a level 4 spell: Airstrike
  3996 | D:4      | Found an ancient bone altar of Kikubaaqudgha.
  3998 | D:4      | Found a glowing silver altar of Zin.
  3998 | D:4      | Found a basalt altar of Yredelemnul.
  4418 | D:4      | Reached XP level 6. HP: 13/41 MP: 0/9
  4744 | D:4      | Killed an ogre
  4763 | D:4      | Reached XP level 7. HP: 30/46 MP: 0/10
  4969 | D:4      | HP: 2/46 [poisoned by an adder]
  5817 | D:5      | Reached skill level 5 in Spellcasting
  5817 | D:5      | Reached XP level 8. HP: 51/52 MP: 6/16
  5891 | D:5      | Noticed a moth of wrath
  5894 | D:5      | Found a bloodstained altar of Trog.
  5899 | D:5      | Killed a moth of wrath
  6139 | D:5      | Noticed Edmund
  6160 | D:4      | Killed Edmund
  6708 | D:5      | Reached XP level 9. HP: 57/57 MP: 11/21
  6959 | D:6      | Found a bloodstained altar of Trog.
  6993 | D:6      | Found Vynohea's Elemental Accessories.
  7026 | D:6      | Noticed Menkaure
  7676 | D:6      | Killed Menkaure
  7676 | D:6      | Reached skill level 1 in Fighting
  7785 | D:6      | Found a shimmering blue altar of Sif Muna.
  7874 | D:6      | Noticed a gargoyle
  7876 | D:6      | Killed a gargoyle
  8219 | D:7      | Found Ewil's Food Shop.
  8306 | D:5      | Bought a glowing rapier for 224 gold pieces
  8790 | D:7      | Reached skill level 1 in Short Blades
  8865 | D:7      | Reached XP level 10. HP: 65/67 MP: 7/23
  9013 | D:7      | Reached skill level 10 in Spellcasting
  9078 | D:7      | Found a runed translucent gate.
  9078 | D:7      | Found a runed translucent gate.
  9078 | D:7      | Found a runed translucent gate.
  9168 | D:7      | Reached skill level 2 in Short Blades
  9321 | D:7      | Found a staircase to the Ecumenical Temple.
  9329 | Temple   | Entered the Ecumenical Temple
  9467 | Temple   | Became a worshipper of Qazlal Stormbringer
  9504 | D:7      | Reached skill level 3 in Short Blades
  9520 | D:7      | Found a snail-covered altar of Cheibriados.
  9641 | D:7      | Found a glowing golden altar of the Shining One.
  9979 | D:7      | Noticed PeterQ's ghost (novice VSMo)
 10097 | D:8      | Reached skill level 4 in Short Blades
 10112 | D:8      | Identified the cursed +3 rapier of Repuicur {drain, +Rage}
 10738 | D:8      | Noticed a two-headed ogre
 10743 | D:8      | Killed a two-headed ogre
 10743 | D:8      | Reached skill level 5 in Short Blades
 10950 | D:8      | Reached skill level 5 in Fighting
 10950 | D:8      | Reached skill level 6 in Short Blades
 11247 | D:8      | Reached * piety under Qazlal
 11403 | D:8      | Reached XP level 11. HP: 79/80 MP: 8/25
 11506 | D:8      | Found a burning altar of Makhleb.
 11874 | D:9      | Reached skill level 7 in Short Blades
 11894 | D:9      | Found a staircase to the Orcish Mines.
 12004 | D:9      | Found Latoc's Assorted Antiques.
 12020 | D:9      | Bought a scroll labeled ZUNWEOCWEI for 29 gold pieces
 12428 | D:9      | Noticed Maurice
 12441 | D:9      | Killed Maurice
 12441 | D:9      | Reached skill level 8 in Short Blades
 13108 | D:10     | Entered Level 10 of the Dungeon
 13168 | D:10     | Reached ** piety under Qazlal
 13428 | D:10     | Noticed a cyclops
 13513 | D:10     | Killed a cyclops
 13513 | D:10     | Reached skill level 9 in Short Blades
 13960 | D:10     | Noticed Erica
 14314 | D:10     | Reached skill level 10 in Short Blades
 14551 | D:10     | Killed Erica
 15140 | D:11     | Noticed an eight-headed hydra
 15850 | D:11     | Killed an eight-headed hydra
 15850 | D:11     | Reached XP level 12. HP: 54/88 MP: 10/26
 16199 | D:11     | Found a staircase to the Lair.
 16238 | D:11     | Killed an unseen horror
 16349 | D:11     | Reached *** piety under Qazlal
 16531 | D:11     | Killed an unseen horror
 16814 | Lair:1   | Entered Level 1 of the Lair of Beasts
 17090 | Lair:1   | HP: 4/88 [poisoned by a killer bee]
 17097 | Lair:1   | HP: 4/88 [poisoned by a killer bee]
 17105 | Lair:1   | HP: 4/88 [poisoned by a killer bee]
 17658 | Lair:1   | Reached skill level 11 in Short Blades
 17944 | Lair:1   | You fall into a shaft and drop 1 floor!
 18167 | Lair:1   | Reached **** piety under Qazlal
 18202 | Lair:1   | Reached skill level 10 in Air Magic
 19272 | Lair:2   | Reached XP level 13. HP: 20/93 MP: 12/29
 19885 | Lair:2   | Found a transporter.
 19888 | Lair:2   | Found a transporter.
 19893 | Lair:2   | Noticed Fov Ajof's ghost (journeyman HuAr)
 20306 | Lair:3   | Found a staircase to the Snake Pit.
 20353 | Lair:3   | Reached skill level 12 in Short Blades
 20919 | Lair:3   | Learned a level 4 spell: Summon Lightning Spire
 21059 | Lair:4   | Noticed a four-headed hydra
 21065 | Lair:4   | Killed a four-headed hydra
 21065 | Lair:4   | Reached skill level 1 in Summonings
 21331 | Lair:4   | Noticed an eight-headed hydra
 21335 | Lair:4   | Killed an eight-headed hydra
 21463 | Lair:4   | Reached skill level 13 in Short Blades
 21587 | Lair:4   | Noticed an eight-headed hydra
 21593 | Lair:4   | Killed an eight-headed hydra
 21779 | Lair:4   | Found a staircase to the Shoals.
 21947 | Lair:4   | Reached ***** piety under Qazlal
 22033 | Lair:4   | Noticed an eight-headed hydra
 22046 | Lair:4   | Killed an eight-headed hydra
 22201 | Lair:4   | Noticed a catoblepas
 22230 | Lair:3   | HP: 4/93 [poisoned by a black mamba]
 22235 | Lair:3   | HP: 4/93 [poisoned by a black mamba]
 22240 | Lair:3   | HP: 3/93 [poisoned by a black mamba]
 22248 | Lair:3   | HP: 3/93 [poisoned by a black mamba]
 22620 | Lair:4   | Noticed a catoblepas
 22669 | Lair:3   | Killed a catoblepas
 22669 | Lair:3   | Reached skill level 5 in Summonings
 23178 | Lair:4   | Killed a catoblepas
 23613 | Lair:5   | Reached XP level 14. HP: 100/100 MP: 18/30
 23964 | Lair:5   | Reached skill level 1 in Invocations
 24492 | Lair:6   | Entered Level 6 of the Lair of Beasts
 25203 | Lair:6   | Reached skill level 14 in Short Blades
 25364 | Lair:6   | Noticed Urug
 25957 | Lair:6   | Killed Urug
 25957 | Lair:6   | Reached skill level 5 in Invocations
 26347 | Lair:6   | Found a shadowy altar of Dithmenos.
 27082 | Lair:6   | Found a viscous altar of Jiyva.
 27082 | Lair:6   | Found a staircase to the Slime Pits.
 27858 | Lair:6   | Reached skill level 10 in Invocations
 28370 | Lair:6   | Identified the Collected Works on Augmentations and
                  | Transmutation
 28709 | D:6      | Bought the Collected Works on the Mountains for 822 gold
                  | pieces
 28718 | D:6      | Learned a level 6 spell: Statue Form
 29128 | D:12     | Reached skill level 1 in Transmutations
 29128 | D:12     | Reached skill level 1 in Earth Magic
 29305 | D:12     | Reached XP level 15. HP: 105/105 MP: 22/31
 30370 | D:13     | Reached ****** piety under Qazlal
 30793 | D:13     | Found Basic's Gadget Shoppe.
 30804 | D:13     | Noticed Josephine
 30812 | D:13     | Killed Josephine
 31133 | D:13     | Learned a level 2 spell: Blink
 31397 | D:13     | Reached skill level 1 in Translocations
 31823 | D:13     | Found a gate to the Vaults.
 32032 | Orc:1    | Entered Level 1 of the Orcish Mines
 32259 | Orc:1    | Found Afuasen's Food Emporium.
 32330 | Orc:1    | You fall into a shaft and drop 1 floor!
 32330 | Orc:2    | Entered Level 2 of the Orcish Mines
 32354 | Orc:2    | Reached skill level 5 in Transmutations
 32403 | Orc:1    | Noticed Gastronok
 32438 | D:9      | Reached skill level 5 in Earth Magic
 32684 | Orc:1    | Killed Gastronok
 33297 | Orc:2    | Found a staircase to the Elven Halls.
 34688 | Orc:2    | Noticed an orc warlord
 34809 | Orc:2    | Killed an orc warlord
 35414 | Orc:2    | Found Mibluoc's Antique Armour Shop.
 35415 | Orc:2    | Found Qocwounly's Antique Weapon Boutique.
 35416 | Orc:2    | Found Rugripicw's General Store.
 35416 | Orc:2    | Found Kagimerch's Book Shop.
 35707 | Orc:2    | Bought a pair of embroidered gloves for 225 gold pieces
 35713 | Orc:2    | Bought a runed lajatang for 576 gold pieces
 36079 | D:14     | Found a white marble altar of Elyvilon.
 36113 | D:14     | Found Gobuhuf's General Store.
 36118 | D:14     | Bought a scroll of teleportation for 42 gold pieces
 36307 | D:14     | Reached XP level 16. HP: 105/111 MP: 16/32
 37131 | D:15     | Entered Level 15 of the Dungeon
 37165 | D:15     | Found a flickering gateway to a bazaar.
 37170 | Bazaar   | Entered a bazaar
 37174 | Bazaar   | Found Ikki's Assorted Antiques.
 37192 | Bazaar   | Found Eramisacs's Antique Armour Boutique.
 37202 | Bazaar   | Found Neoseo's Armour Shop.
 37210 | Bazaar   | Found Esoaf's Antique Armour Emporium.
 37212 | Bazaar   | Found Joumm's Jewellery Boutique.
 37279 | Bazaar   | Bought a polished shield for 161 gold pieces
 37280 | Bazaar   | Identified the +0 shield of Lugonu's Outrage {rElec rPois
                  | Str-3} (You bought it in a shop in a bazaar)
 37342 | Bazaar   | Bought an ivory ring for 105 gold pieces
 37342 | Bazaar   | Bought a scroll labeled HEYRRIATUL for 21 gold pieces
 37371 | Bazaar   | Bought a glowing robe for 62 gold pieces
 37406 | Bazaar   | Bought the ring of Foreuvea {MR+ Int+4 Dex+3} for 513 gold
                  | pieces
 37680 | D:14     | Reached skill level 1 in Shields
 38590 | D:15     | Found a staircase to the Depths.
 39089 | D:7      | Killed PeterQ's ghost
 39182 | D:7      | Got the ring "Zahah" {Fire}
 39476 | Lair:2   | Killed Fov Ajof's ghost
 39917 | Snake:1  | Entered Level 1 of the Snake Pit
 39930 | Snake:1  | Reached skill level 5 in Shields
 39955 | Snake:1  | Found Empoc's Magic Scroll Emporium.
 39988 | Snake:1  | Noticed Louise
 39994 | Snake:1  | HP: 1/111 [black mamba (20)]
 39996 | Snake:1  | Slain by a black mamba

Levels and vault maps discovered:
D:1:      dpeg_arrival_water_altar, layout_rooms, serial_forest,
          infiniplex_forest_clump_diagonal, infiniplex_forest_straight_3,
          infiniplex_forest_straight_2, infiniplex_forest_clump_diagonal,
          infiniplex_forest_corner_1, infiniplex_forest_clump_medium,
          infiniplex_forest_clump_medium, infiniplex_forest_clump_C,
          infiniplex_forest_clump_long
D:2:      layout_loops_ring, first_ration
D:3:      layout_loops_ring
D:4:      layout_loops_ring, minitemple, minmay_three_crescents
D:5:      layout_cave_pools, tgw_trog, serial_shops, nicolae_shop_stone,
          minmay_misc_feat_iff, uniq_edmund
D:6:      layout_basic, hangedman_feature_mirror, nicolae_elemental_shop,
          uniq_menkaure
D:7:      layout_loops_ring, slow_altar_2, minmay_temple_entry_mini_moons,
          serial_shops, shop, gammafunk_ghost_icy, the_bakery,
          corexii_leaking_fountain, tso_altar
D:8:      layout_loops_ring, bloody_makhleb, hangedman_abyss_or_decor_stagger,
          minmay_starry_boxes
D:9:      layout_cave_pods, david_orc_2, serial_shops, shop, uniq_maurice
D:10:     layout_stronghold, abandoned_shop, minmay_sticks_and_stones,
          uniq_erica
D:11:     layout_grid_maze, lair_entry_dummy
D:12:     layout_stronghold
D:13:     layout_basic, grunt_vaults_entry_fortified, serial_shops, shop_statue,
          uniq_josephine
D:14:     layout_basic, serial_bayou_ford_a, serial_shops, shop_statue,
          elyvilon_altar_1
D:15:     grunt_enter_depths_magical_seal, layout_small_grid, minivault_4,
          serial_shops, freezing_bzr, hangedman_glass_teeth
Temple:   eino_temple_scatter_basement
Lair:1:   layout_roguey [special_room_bee]
Lair:2:   layout_chaotic_city, gammafunk_ghost_hive, minmay_hedge_maze,
          beast_lair_carwin_10
Lair:3:   layout_gridlike, guppyfry_snake_entry_island
Lair:4:   wander_river, layout_long_grid, shoals_dummy_entry,
          minmay_shattered_shrine
Lair:5:   layout_cave_pods, grunt_forest_small_clearings, lemuel_fruit_tree,
          grunt_megastairs_1
Lair:6:   evilmike_catoblepas_cave, layout_gridlike,
          dpeg_slime_entry_enclosed_altar, basic_altar, uniq_urug
Snake:1:  kennysheep_snake, layout_gridlike, serial_shops, shop,
          portal_ice_cave_entry_frozen_things, abandoned_shop,
          grunt_megastairs_3, uniq_louise
Orc:1:    layout_diamond_mine, serial_shops, shop, uniq_gastronok
Orc:2:    st_orc_congregation, layout_caves, mines_bat_river

Skill      XL: |  1  2  3  4  5  6  7  8  9 10 11 12 13 14 15 16 |
---------------+-------------------------------------------------+-----
Air Magic      | 4 5 6 7 8 10 | 10.0
Spellcasting   | 5 8 9 10 12 | 12.0
Fighting       | 2 5 6 |  6.0
Short Blades   | 1 6 10 11 13 14 | 14.0
Summonings     | 5 6 |  6.0
Invocations    | 10 11 | 11.0
Transmutations | 1 7 8 |  8.5
Earth Magic    | 1 7 8 |  8.4
Translocations | 3 |  3.0
Shields        | 5 |  5.1
Dodging        | |  2.0
Stealth        | |  2.0
Conjurations   | |  1.0

Action                   |  1- 3 |  4- 6 |  7- 9 | 10-12 | 13-15 | 16-18 || total
-------------------------+-------+-------+-------+-------+-------+-------++-------
Melee: Unarmed           |    37 |    25 |       |       |       |       ||    62
       Falchion          |       |    15 |   123 |       |       |       ||   138
       Rapier            |       |       |    17 |   144 |   333 |   208 ||   702
       Staff             |       |       |       |   226 |    16 |       ||   242
Throw: Stone             |     2 |       |       |       |       |       ||     2
 Cast: Shock             |    46 |    86 |    67 |   168 |   217 |     3 ||   587
       Airstrike         |       |     4 |    49 |   248 |   594 |   121 ||  1016
       Swiftness         |       |       |       |     1 |     2 |       ||     3
       Summon Lightning  |       |       |       |       |     5 |     4 ||     9
       Blink             |       |       |       |       |       |     3 ||     3
Invok: Disaster Area     |       |       |       |       |       |     1 ||     1
Evoke: Wand              |       |     6 |       |       |     1 |     4 ||    11
  Use: Potion            |       |     1 |     1 |     2 |     1 |     4 ||     9
       Scroll            |       |       |    12 |    19 |     6 |     7 ||    44
 Stab: Sleeping          |     1 |     4 |     5 |     2 |       |       ||    12
  Eat: Ration            |     1 |     2 |     1 |     6 |     8 |     3 ||    21
       Chunk             |       |     6 |    15 |    26 |    27 |     1 ||    75
Armor: Robe              |    26 |    26 |    50 |   146 |    92 |    46 ||   386
       Skin              |       |       |       |    13 |       |    65 ||    78
Dodge: Dodged            |    51 |    70 |   129 |   349 |   204 |    57 ||   860
       Deflected         |       |       |     5 |     8 |    19 |     2 ||    34
Block: Other             |       |       |       |    44 |   175 |     9 ||   228
       Shield            |       |       |       |       |       |   202 ||   202
       Rpst.: Falchion   |       |    11 |    39 |       |       |       ||    50

Table legend:
 A = Non-vault XP
 B = Vault XP
 C = Vault XP percentage of total XP
 D = Non-vault monster count
 E = Vault monster count
 F = Vault count percentage of total count
                 A         B        C        D         E       F
            +---------+---------+-------+---------+---------+-------
      Total |   76755 |   54827 |  41.7 |     523 |     226 |  30.2
            +---------+---------+-------+---------+---------+-------
        D:1 |      30 |       0 |   0.0 |      13 |       0 |   0.0
        D:2 |      56 |       0 |   0.0 |       9 |       0 |   0.0
        D:3 |      98 |       0 |   0.0 |      18 |       0 |   0.0
        D:4 |     689 |     278 |  28.7 |      28 |       4 |  12.5
        D:5 |     498 |     502 |  50.2 |      16 |       6 |  27.3
        D:6 |     664 |     581 |  46.7 |      25 |       3 |  10.7
        D:7 |    1392 |    1006 |  42.0 |      30 |      11 |  26.8
        D:8 |    2666 |     192 |   6.7 |      23 |       5 |  17.9
        D:9 |    2366 |     724 |  23.4 |      33 |       9 |  21.4
       D:10 |    2017 |    1434 |  41.6 |      30 |       2 |   6.2
       D:11 |    6024 |     307 |   4.8 |      35 |       1 |   2.8
       D:12 |    6484 |       0 |   0.0 |      25 |       0 |   0.0
       D:13 |    3637 |    8438 |  69.9 |      16 |      15 |  48.4
       D:14 |    5865 |       0 |   0.0 |      19 |       0 |   0.0
       D:15 |    9416 |    4591 |  32.8 |      29 |       9 |  23.7
     Lair:1 |    3230 |    1616 |  33.3 |      15 |      26 |  63.4
     Lair:2 |    1868 |    4567 |  71.0 |      13 |      21 |  61.8
     Lair:3 |    2916 |    1597 |  35.4 |      18 |       5 |  21.7
     Lair:4 |    6869 |    3108 |  31.2 |      21 |       6 |  22.2
     Lair:5 |    8024 |     230 |   2.8 |      32 |       2 |   5.9
     Lair:6 |    6253 |   12186 |  66.1 |      24 |      24 |  50.0
    Snake:1 |    2023 |       0 |   0.0 |       4 |       0 |   0.0
      Orc:1 |    2332 |    2921 |  55.6 |      35 |       3 |   7.9
      Orc:2 |    1338 |   10549 |  88.7 |      12 |      74 |  86.0
            +---------+---------+-------+---------+---------+-------
